[Event "4NCL Individual Rapid 10m+10s"]
[Site "Daventry"]
[Date "2013.10.06"]
[Round "6.2"]
[White "Wall, Gavin"]
[Black "Smerdon, David"]
[Result "1/2-1/2"]
[ECO "B01"]
[WhiteElo "2333"]
[BlackElo "2523"]
[PlyCount "85"]
[EventDate "2013.10.06"]
[EventType "swiss (rapid)"]
[EventRounds "7"]
[EventCountry "ENG"]
[TimeControl "900+180"]
[WhiteClock "0:01:48"]
[BlackClock "0:00:56"]

1. e4 d5 2. exd5 Nf6 3. d4 Bg4 4. Nf3 Qxd5 5. Be2 Nc6 6. c4 Qf5 7. h3 Bxf3 8.
Bxf3 Qe6+ 9. Be2 O-O-O 10. Be3 Nxd4 11. Bxd4 Qe4 12. Nc3 Qxd4 13. Qxd4 Rxd4 14.
Nb5 Re4 15. Nxa7+ Kb8 16. Nb5 e6 17. O-O-O Bc5 18. Bd3 Re5 19. f3 c6 20. Nc3
Kc7 21. Kc2 Rd8 22. a3 Bd4 23. b4 Nh5 24. Ne2 c5 25. g4 Nf6 26. Nxd4 Rxd4 27.
Rhe1 Nd7 28. Kc3 Rf4 29. Be4 Nb6 30. Rg1 h6 31. h4 g5 32. hxg5 hxg5 33. Rh1 Nc8
34. b5 b6 35. Rh8 Nd6 36. Ra8 Nxe4+ 37. fxe4 Rexe4 38. Ra7+ Kb8 39. Rdd7 Rxc4+
40. Kb3 Rcd4 41. Rab7+ Kc8 42. Rbc7+ Kb8 43. Rb7+ 1/2-1/2

[Event "4NCL Individual Rapid 10m+10s"]
[Site "Daventry"]
[Date "2013.10.06"]
[Round "6.4"]
[White "Talsma, Paul"]
[Black "Harvey, Marcus R"]
[Result "0-1"]
[ECO "A84"]
[WhiteElo "2192"]
[BlackElo "2232"]
[PlyCount "66"]
[EventDate "2013.10.06"]
[EventType "swiss (rapid)"]
[EventRounds "7"]
[EventCountry "ENG"]
[TimeControl "900+175"]
[WhiteClock "0:01:22"]
[BlackClock "0:04:20"]

1. d4 e6 2. c4 f5 3. e3 Nf6 4. Bd3 Nc6 5. Nc3 d6 6. Qc2 g6 7. Nge2 e5 8. f3 Bg7
9. a3 O-O 10. b4 exd4 11. exd4 Nh5 12. Bd2 Nxd4 13. Nxd4 Qh4+ 14. g3 Nxg3 15.
O-O-O Nxh1 16. Ndb5 Nf2 17. Re1 Nxd3+ 18. Qxd3 Qd8 19. h4 a6 20. Bg5 Bf6 21.
Bxf6 Rxf6 22. Nxc7 Qxc7 23. Nd5 Qg7 24. Re8+ Rf8 25. Re7 Qa1+ 26. Kc2 f4 27.
Nc3 Bf5 28. Ne4 Bxe4 29. Qxe4 Qf6 30. Qxb7 Rac8 31. Kb3 Rce8 32. Rd7 Re3+ 33.
Ka4 Qb2 0-1

[Event "4NCL Individual Rapid 10m+10s"]
[Site "Daventry"]
[Date "2013.10.06"]
[Round "6.6"]
[White "Bhatia, Kanwal"]
[Black "Josse, Mark"]
[Result "0-1"]
[ECO "B22"]
[WhiteElo "2039"]
[BlackElo "2173"]
[PlyCount "62"]
[EventDate "2013.10.06"]
[EventType "swiss (rapid)"]
[EventRounds "7"]
[EventCountry "ENG"]
[TimeControl "900+150"]
[WhiteClock "0:00:28"]
[BlackClock "0:01:40"]

1. e4 c5 2. c3 d5 3. exd5 Qxd5 4. d4 Nf6 5. Nf3 Bg4 6. dxc5 Qxd1+ 7. Kxd1 e5 8.
b4 e4 9. h3 Bh5 10. g4 Nxg4 11. hxg4 Bxg4 12. Be2 exf3 13. Bb5+ Nc6 14. Re1+
Be7 15. Kc2 h5 16. Bf4 h4 17. Nd2 h3 18. Bxc6+ bxc6 19. Bd6 Be6 20. Nxf3 Bxd6
21. cxd6 O-O-O 22. Rad1 h2 23. Ne5 Bd5 24. Rxd5 cxd5 25. Rh1 Rh5 26. f4 Rxd6
27. Kd3 Ra6 28. Nxf7 Rxa2 29. Ne5 Rg2 30. Nf3 Rh3 31. Ke3 Rgg3 0-1

[Event "4NCL Individual Rapid 10m+10s"]
[Site "Daventry"]
[Date "2013.10.06"]
[Round "6.7"]
[White "Mayhew, Andrew"]
[Black "Chan, Nevil"]
[Result "1-0"]
[ECO "A40"]
[WhiteElo "2058"]
[BlackElo "2027"]
[PlyCount "49"]
[EventDate "2013.10.06"]
[EventType "swiss (rapid)"]
[EventRounds "7"]
[EventCountry "ENG"]
[TimeControl "900+215"]
[WhiteClock "0:05:02"]
[BlackClock "0:00:20"]

1. d4 Nc6 2. c4 e5 3. d5 Bb4+ 4. Bd2 Bxd2+ 5. Qxd2 Nce7 6. Nf3 d6 7. Nc3 Nf6 8.
e4 O-O 9. Be2 Ng6 10. g3 h6 11. h4 Ng4 12. h5 Ne7 13. Nh4 f5 14. exf5 Nf6 15.
g4 Nh7 16. Ne4 Bd7 17. Ng6 Nxg6 18. hxg6 Nf6 19. Ng5 Qe7 20. O-O-O Rfb8 21. Nf7
Kf8 22. Rxh6 Ng8 23. Rh8 Be8 24. Ng5 a6 25. Nh7# 1-0

[Event "4NCL Individual Rapid 10m+10s"]
[Site "Daventry"]
[Date "2013.10.06"]
[Round "6.8"]
[White "Freeman, Richard C P"]
[Black "Sowray, Peter J"]
[Result "0-1"]
[ECO "A45"]
[WhiteElo "2030"]
[BlackElo "2335"]
[PlyCount "60"]
[EventDate "2013.10.06"]
[EventType "swiss (rapid)"]
[EventRounds "7"]
[EventCountry "ENG"]
[TimeControl "900+110"]
[WhiteClock "0:00:42"]
[BlackClock "0:01:13"]

1. d4 Nf6 2. Bg5 d5 3. Bxf6 exf6 4. e3 Be6 5. g3 c6 6. Bg2 Nd7 7. Ne2 h5 8. h4
Bd6 9. Nf4 Bg4 10. Bf3 f5 11. Be2 Bxe2 12. Qxe2 Nf6 13. Nd2 Qb6 14. O-O-O a5
15. Qd3 Ne4 16. f3 Nf2 17. Qxf5 Nxh1 18. Rxh1 Bxf4 19. exf4 O-O 20. c3 Rfe8 21.
g4 Re2 22. gxh5 Rae8 23. b3 c5 24. Rg1 cxd4 25. cxd4 Qxd4 26. Rd1 Qa1+ 27. Kc2
Qxa2+ 28. Kd3 Rxd2+ 29. Rxd2 Qxb3+ 30. Kd4 Qc4# 0-1

[Event "4NCL Individual Rapid 10m+10s"]
[Site "Daventry"]
[Date "2013.10.06"]
[Round "7.1"]
[White "Merry, Alan B"]
[Black "Smerdon, David"]
[Result "0-1"]
[ECO "B01"]
[WhiteElo "2297"]
[BlackElo "2523"]
[PlyCount "80"]
[EventDate "2013.10.06"]
[EventType "swiss (rapid)"]
[EventRounds "7"]
[EventCountry "ENG"]
[TimeControl "900+130"]
[WhiteClock "0:01:13"]
[BlackClock "0:01:26"]

1. e4 d5 2. exd5 Nf6 3. d4 Bg4 4. Nf3 Qxd5 5. c4 Bxf3 6. gxf3 Qd7 7. Nc3 e6 8.
Be3 Nc6 9. Qb3 Na5 10. Qc2 O-O-O 11. O-O-O Kb8 12. d5 exd5 13. cxd5 Bb4 14. a3
Bxc3 15. Qxc3 Qa4 16. Be2 Nxd5 17. Qxg7 Qb3 18. Qxf7 Rd6 19. Bd4 Rc6+ 20. Kd2
Rc2+ 21. Ke1 Rxe2+ 22. Kxe2 Nc3+ 23. Bxc3 Qxf7 24. Bxh8 Qe8+ 25. Kf1 Qxh8 26.
Rg1 b6 27. Rd7 Qxb2 28. Rgg7 Qc1+ 29. Kg2 h5 30. Rh7 Qg5+ 31. Kf1 Qc1+ 32. Kg2
Qg5+ 33. Kf1 Qe5 34. h4 Nc4 35. Rd8+ Kb7 36. Rdh8 Nd2+ 37. Kg2 Qf5 38. Rxh5
Qxf3+ 39. Kg1 Qg4+ 40. Kh1 Qh3+ 0-1

[Event "4NCL Individual Rapid 10m+10s"]
[Site "Daventry"]
[Date "2013.10.06"]
[Round "7.3"]
[White "Harvey, Marcus R"]
[Black "Snape, Ian L"]
[Result "1-0"]
[ECO "A36"]
[WhiteElo "2232"]
[BlackElo "2218"]
[PlyCount "83"]
[EventDate "2013.10.06"]
[EventType "swiss (rapid)"]
[EventRounds "7"]
[EventCountry "ENG"]
[TimeControl "900+110"]
[WhiteClock "0:05:14"]
[BlackClock "0:03:37"]

1. g3 g6 2. Bg2 Bg7 3. e4 c5 4. Ne2 Nc6 5. O-O Nf6 6. c4 O-O 7. Nbc3 a6 8. d3
d6 9. h3 Rb8 10. a4 Ne8 11. Be3 Nc7 12. d4 cxd4 13. Nxd4 Ne6 14. Nxe6 Bxe6 15.
Nd5 Bxd5 16. exd5 Ne5 17. Qb3 Nd7 18. a5 Nc5 19. Qa3 b5 20. b4 Bxa1 21. Rxa1
Nd7 22. c5 Ne5 23. c6 Nc4 24. Qc3 e5 25. Bh6 Re8 26. Bf1 Qf6 27. h4 Qf5 28. Re1
Qh5 29. Bg5 Qg4 30. Kh2 Qd4 31. Qxd4 exd4 32. c7 Rec8 33. cxb8=Q Rxb8 34. Rd1
Ne5 35. Rc1 h6 36. Bf4 Ng4+ 37. Kg1 Ne5 38. Bxe5 dxe5 39. Rc6 e4 40. Rxa6 Rd8
41. Rb6 Rxd5 42. a6 1-0

[Event "4NCL Individual Rapid 10m+10s"]
[Site "Daventry"]
[Date "2013.10.06"]
[Round "7.4"]
[White "Josse, Mark"]
[Black "Jones, Gawain CB"]
[Result "0-1"]
[ECO "E90"]
[WhiteElo "2173"]
[BlackElo "2638"]
[PlyCount "116"]
[EventDate "2013.10.06"]
[EventType "swiss (rapid)"]
[EventRounds "7"]
[EventCountry "ENG"]
[TimeControl "900+175"]
[WhiteClock "0:00:27"]
[BlackClock "0:10:13"]

1. d4 Nf6 2. c4 g6 3. Nc3 Bg7 4. e4 d6 5. Nf3 O-O 6. h3 e5 7. d5 Nh5 8. Nd2 Qe8
9. g3 f5 10. Be2 Nf6 11. g4 Na6 12. gxf5 gxf5 13. Qc2 fxe4 14. Ndxe4 Bf5 15.
Be3 Nxe4 16. Nxe4 Qg6 17. f3 Nb4 18. Qb1 Bxe4 19. fxe4 Rf4 20. Rg1 Qf6 21. a3
Na6 22. b4 Kh8 23. Kd2 Bh6 24. Qd3 Rf8 25. Raf1 Qh4 26. Rxf4 Bxf4 27. Bxf4 Rxf4
28. Rg4 Qh6 29. Rxf4 exf4 30. Qd4+ Qg7 31. Qxg7+ Kxg7 32. Kd3 Kf6 33. Kd4 c5+
34. dxc6 bxc6 35. c5 dxc5+ 36. bxc5 Nc7 37. e5+ Ke7 38. Bf3 Nb5+ 39. Kc4 Nxa3+
40. Kb3 Nb5 41. Kc4 Kd7 42. e6+ Kxe6 43. Bxc6 Nc7 44. Kd4 Kf5 45. Be4+ Kg5 46.
Bxh7 Kh4 47. Be4 Kxh3 48. c6 Kg3 49. Kc5 f3 50. Kd6 f2 51. Bd3 Na8 52. Kd7 a5
53. Kc8 a4 54. Kb7 a3 55. Bc4 a2 56. Bxa2 f1=Q 57. Kxa8 Qa6+ 58. Kb8 Qb6+ 0-1

[Event "4NCL Individual Rapid 10m+10s"]
[Site "Daventry"]
[Date "2013.10.06"]
[Round "7.6"]
[White "Hall, John"]
[Black "Mayhew, Andrew"]
[Result "1/2-1/2"]
[ECO "C96"]
[WhiteElo "2269"]
[BlackElo "2058"]
[PlyCount "28"]
[EventDate "2013.10.06"]
[EventType "swiss (rapid)"]
[EventRounds "7"]
[EventCountry "ENG"]
[TimeControl "900+125"]
[WhiteClock "0:10:59"]
[BlackClock "0:09:30"]

1. e4 e5 2. Nf3 Nc6 3. Bb5 a6 4. Ba4 Nf6 5. O-O Be7 6. Re1 b5 7. Bb3 d6 8. c3
O-O 9. h3 Na5 10. Bc2 c5 11. d4 Nd7 12. Nbd2 exd4 13. cxd4 Nc6 14. Nf1 cxd4
1/2-1/2

[Event "4NCL Individual Rapid 10m+10s"]
[Site "Daventry"]
[Date "2013.10.06"]
[Round "7.8"]
[White "Maroroa, Sue"]
[Black "Pritchett, Craig W"]
[Result "0-1"]
[ECO "A22"]
[WhiteElo "2130"]
[BlackElo "2359"]
[PlyCount "62"]
[EventDate "2013.10.06"]
[EventType "swiss (rapid)"]
[EventRounds "7"]
[EventCountry "ENG"]
[TimeControl "900+90"]
[WhiteClock "0:02:02"]
[BlackClock "0:01:46"]

1. c4 e5 2. Nc3 Nf6 3. d4 exd4 4. Qxd4 Nc6 5. Qd1 Bb4 6. Bd2 O-O 7. Nf3 Re8 8.
g3 d5 9. cxd5 Nxd5 10. Bg2 Bxc3 11. Bxc3 Nxc3 12. Qxd8 Rxd8 13. bxc3 Be6 14.
O-O Bc4 15. Rfe1 f6 16. a4 Na5 17. e4 Rd3 18. Rac1 Rad8 19. e5 Bd5 20. Nd4 Bxg2
21. Kxg2 fxe5 22. Rxe5 b6 23. Re7 c5 24. Nf5 R3d7 25. Rce1 Nc6 26. R7e6 Na5 27.
Ne7+ Kf7 28. Nc6 Nxc6 29. Rxc6 Re7 30. Rxe7+ Kxe7 31. a5 Kd7 0-1

[Event "4NCL Individual Rapid 10m+10s"]
[Site "Daventry"]
[Date "2013.10.06"]
[Round "7.2"]
[White "Deighton, Simon"]
[Black "Basman, Michael"]
[Result "0-1"]
[ECO "A40"]
[WhiteElo "1986"]
[BlackElo "2340"]
[PlyCount "42"]
[EventDate "2013.10.06"]
[EventType "swiss (rapid)"]
[EventRounds "7"]
[EventCountry "ENG"]
[TimeControl "900+150"]
[WhiteClock "0:02:13"]
[BlackClock "0:05:43"]

1. d4 b5 2. e4 Bb7 3. f3 a6 4. c4 e6 5. cxb5 axb5 6. Bxb5 Qh4+ 7. g3 Qh5 8. Nc3
Bb4 9. Bd3 f5 10. Qe2 Nf6 11. Bd2 O-O 12. O-O-O Nc6 13. d5 Nd4 14. Qf2 c5 15.
dxc6 Nxc6 16. Kb1 Ne5 17. Be2 fxe4 18. fxe4 Qg6 19. Nd5 Nxd5 20. Qd4 Nc6 21.
Qd3 Ba6 0-1

[Event "4NCL Individual Rapid 10m+10s"]
[Site "Daventry"]
[Date "2013.10.06"]
[Round "7.3"]
[White "Mason, Donald J"]
[Black "Pitcher, John"]
[Result "1/2-1/2"]
[ECO "B40"]
[WhiteElo "2204"]
[BlackElo "2246"]
[PlyCount "20"]
[EventDate "2013.10.06"]
[EventType "swiss (rapid)"]
[EventRounds "7"]
[EventCountry "ENG"]
[TimeControl "900+10"]
[WhiteClock "0:10:33"]
[BlackClock "0:10:52"]

1. e4 c5 2. Nf3 e6 3. b3 b6 4. Bb2 Bb7 5. c4 Nc6 6. Nc3 a6 7. Bd3 Qc7 8. O-O
Nf6 9. Re1 Be7 10. a3 Bf8 1/2-1/2

[Event "4NCL Individual Rapid 10m+10s"]
[Site "Daventry"]
[Date "2013.10.06"]
[Round "7.5"]
[White "Healey, Michael W"]
[Black "Adebajo, Olufemi"]
[Result "0-1"]
[ECO "B34"]
[WhiteElo "2091"]
[BlackElo "1971"]
[PlyCount "83"]
[EventDate "2013.10.06"]
[EventType "swiss (rapid)"]
[EventRounds "7"]
[EventCountry "ENG"]
[TimeControl "900+150"]
[WhiteClock "0:02:44"]
[BlackClock "0:00:11"]

1. e4 c5 2. Nf3 Nc6 3. Nc3 g6 4. d4 cxd4 5. Nxd4 Bg7 6. Nb3 Nf6 7. Be2 O-O 8.
O-O d6 9. Kh1 Be6 10. f4 a5 11. f5 Bd7 12. a4 Rc8 13. g4 Ne5 14. g5 Ne8 15. Be3
gxf5 16. exf5 Rxc3 17. bxc3 Qc8 18. Bd3 Qxc3 19. Bd4 Qc6+ 20. Kg1 Nxd3 21. Qxd3
e5 22. f6 Bh8 23. Bb2 Be6 24. Rf2 Nc7 25. Rd1 Nd5 26. Nxa5 Qxa4 27. Nxb7 Qg4+
28. Rg2 Qb4 29. Qb3 Qxb3 30. cxb3 Ne3 31. Rxd6 Nxg2 32. Kxg2 Bxb3 33. Bxe5 h6
34. h4 Kh7 35. Nc5 Bc2 36. Kg3 Kg6 37. Kf4 Rc8 38. Nd7 hxg5+ 39. hxg5 Rc4+ 40.
Bd4 Kh5 41. Ne5 Rc8 42. Nxf7 0-1

[Event "4NCL Individual Rapid 10m+10s"]
[Site "Daventry"]
[Date "2013.10.06"]
[Round "5.2"]
[White "Taylor, Mark V"]
[Black "Talsma, Paul"]
[Result "0-1"]
[ECO "A80"]
[WhiteElo "2087"]
[BlackElo "2192"]
[PlyCount "46"]
[EventDate "2013.10.06"]
[EventType "swiss (rapid)"]
[EventRounds "7"]
[EventCountry "ENG"]
[TimeControl "900+155"]
[WhiteClock "0:02:56"]
[BlackClock "0:03:24"]

1. d4 f5 2. Nc3 Nf6 3. Bg5 d5 4. Bxf6 exf6 5. e3 Be6 6. Bd3 Nc6 7. Qf3 Qd7 8.
a3 Rd8 9. Nge2 Ne7 10. Nf4 Bf7 11. O-O-O g6 12. h3 h5 13. g4 fxg4 14. hxg4 hxg4
15. Qg2 Rxh1 16. Rxh1 Bg7 17. Rh7 Kf8 18. f3 Kg8 19. Rh4 gxf3 20. Qxf3 g5 21.
Rg4 c6 22. Qh3 Kf8 23. e4 gxf4 0-1

[Event "4NCL Individual Rapid 10m+10s"]
[Site "Daventry"]
[Date "2013.10.06"]
[Round "5.3"]
[White "Lunn, Matthew"]
[Black "Mason, Donald J"]
[Result "0-1"]
[ECO "D85"]
[WhiteElo "2045"]
[BlackElo "2204"]
[PlyCount "72"]
[EventDate "2013.10.06"]
[EventType "swiss (rapid)"]
[EventRounds "7"]
[EventCountry "ENG"]
[TimeControl "900+145"]
[WhiteClock "0:00:16"]
[BlackClock "0:02:40"]

1. d4 Nf6 2. c4 g6 3. Nc3 d5 4. cxd5 Nxd5 5. e4 Nxc3 6. bxc3 Bg7 7. Nf3 c5 8.
Rb1 O-O 9. Be2 Nc6 10. d5 Bxc3+ 11. Bd2 Bxd2+ 12. Qxd2 Na5 13. h4 Bg4 14. h5
Bxf3 15. Bxf3 Nc4 16. Qc3 Qa5 17. Qxa5 Nxa5 18. hxg6 hxg6 19. e5 Rab8 20. Rh4
Kg7 21. Ke2 Rh8 22. Ra4 b6 23. Rd1 Rbd8 24. Rd2 Rh1 25. Rd1 Rxd1 26. Kxd1 Nc6
27. Kc1 Nxe5 28. Be4 f5 29. f4 Nf7 30. Bf3 Rd7 31. Ra3 Nd6 32. Re3 b5 33. Kc2
a5 34. Re6 b4 35. g3 a4 36. Re3 c4 0-1

[Event "4NCL Individual Rapid 10m+10s"]
[Site "Daventry"]
[Date "2013.10.06"]
[Round "5.5"]
[White "Sowray, Peter J"]
[Black "Burke, Steven J"]
[Result "1-0"]
[ECO "D15"]
[WhiteElo "2335"]
[BlackElo "2002"]
[PlyCount "53"]
[EventDate "2013.10.06"]
[EventType "swiss (rapid)"]
[EventRounds "7"]
[EventCountry "ENG"]
[TimeControl "900+165"]
[WhiteClock "0:04:30"]
[BlackClock "0:01:31"]

1. d4 d5 2. c4 c6 3. Nf3 Nf6 4. Nc3 a6 5. c5 e6 6. Bf4 Nbd7 7. h3 b5 8. e3 Nh5
9. Bh2 g6 10. Bd3 f5 11. Qc2 Nhf6 12. O-O-O Ne4 13. Ne5 Nxe5 14. Bxe5 Rg8 15.
Bxe4 fxe4 16. f3 exf3 17. gxf3 Bh6 18. f4 b4 19. Na4 a5 20. h4 Bg7 21. h5 Bxe5
22. dxe5 Ba6 23. hxg6 hxg6 24. Rh7 b3 25. axb3 Rb8 26. Rg1 d4 27. Rxg6 1-0